 Dungeon Crawl Stone Soup version 0.17.0-73-gb648821 (webtiles) character file.

952 JokEr the Skirmisher (level 8, 0/54 HPs)
             Began as a Gargoyle Berserker on Dec 8, 2015.
             Was an Elder of Trog.
             Splashed by a jelly's acid (8 damage)
             ... on level 5 of the Dungeon on Dec 9, 2015.
             The game lasted 00:13:22 (5666 turns).

JokEr the Skirmisher (Gargoyle Berserker)           Turns: 5666, Time: 00:13:29

Health: 0/54       AC: -3    Str: 23    XL:     8   Next: 14%
Magic:  8/8        EV: 11    Int:  8    God:    Trog [****..]
Gold:   152        SH:  0    Dex:  9    Spells: 0 memorised, 7 levels left

rFire  . . .     SeeInvis .     a - +0 mace
rCold  . . .     Clarity  .     o - +0 ring mail
rNeg   + . .     SustAt   .     (no shield)
rPois  ∞         Gourm    .     l - +1 helmet
rElec  +         Spirit   .     (no cloak)
rCorr  .         Warding  .     (no gloves)
rMut   .         Stasis   .     (no boots)
MR     .....                    (no amulet)
Stlth  ..........               (no ring)
                                (no ring)

@: corroded equipment, not resistant to hostile enchantments, extremely
unstealthy
A: negative energy resistance 1, electricity resistance, unbreathing,
petrification resistance, rot immunity, AC +5
a: Berserk, Trog's Hand, Brothers in Arms, Burn Spellbooks, Renounce Religion


You were on level 5 of the Dungeon.
You worshipped Trog.
Trog was greatly pleased with you.
You were not hungry.

You visited 1 branch of the dungeon, and saw 5 of its levels.

You collected 152 gold pieces.

Inventory:

Hand Weapons
 a - a +0 mace (weapon)
Armour
 b - a +0 animal skin
 l - a +1 helmet (worn)
 o - a +0 ring mail (worn)
Jewellery
 t - a cursed -3 ring of evasion {unknown}
Wands
 u - a wand of frost (32)
Scrolls
 c - a scroll of enchant weapon {unknown}
 d - a scroll of amnesia
 f - a scroll of blinking
 g - a scroll of fog
 i - 2 scrolls of remove curse
 k - 3 scrolls of teleportation
 m - a scroll of enchant armour
 p - a scroll of magic mapping
Potions
 e - a potion of curing
 h - a potion of agility {unknown}
 j - a potion of heal wounds {unknown}
 n - a potion of haste {unknown}
 r - 2 potions of poison
 s - a potion of brilliance {unknown}
Comestibles
 q - a meat ration


   Skills:
 + Level 7.8 Fighting
 + Level 7.1 Maces & Flails
 - Level 2.1 Armour
 - Level 1.5 Dodging


You had 7 spell levels left.
You didn't know any spells.

Dungeon Overview and Level Annotations

Branches:
Dungeon (5/15)             Temple (0/1) D:4

Altars:
Elyvilon
Okawaru
Qazlal
Vehumet
Yredelemnul
The Shining One


Innate Abilities, Weirdness & Mutations

You are resistant to torment.
Your stone body is resilient (AC +5).
You are immune to poison.
You resist negative energy.
You are resistant to electric shocks.
You can survive without breathing.
You are immune to petrification.
You are immune to rotting.


Message History

You barely miss the jelly.
The jelly is heavily wounded.
The jelly hits you.
You are splashed with acid!
The acid burns!
You hit the jelly. The acid corrodes you!
Your hands burn!
The jelly is severely wounded.
The jelly hits you.
You are splashed with acid!
The acid corrodes you!
The acid burns!
You hit the jelly but do no damage.
Your hands burn!
The jelly is severely wounded.
The jelly hits you.
You are splashed with acid!
The acid burns!
* * * LOW HITPOINT WARNING * * *
Drink which item? (? for menu, Esc to quit)
You feel better. The jelly misses you.
You hit the jelly.
Your hands burn!
* * * LOW HITPOINT WARNING * * *
The jelly is severely wounded.
The jelly hits you.
* * * LOW HITPOINT WARNING * * *
You are splashed with acid!
The acid corrodes you!
The acid burns!
You die...

# #. ###...## # ###..##
# #.... #. ## ###.#
##.. #. #.# #...##.
###.. #...... #....
......J## #.###
.......@# ##..##
......(.#########
#....#
................#
#...##
........#######.###.###
........# ####.....##
.......## #.....#...#
......# #.......#.#
###### #..)........
#.....######.


You could see a jelly.

Vanquished Creatures
  Duvessa (D:4)
  An ogre (D:4)
  A phantom (D:3)
  Dowan (D:4)
  2 scorpions (D:4)
  A jelly (D:5)
  A giant frog zombie (D:5)
  An orc priest (D:4)
  5 orc wizards (D:4)
  3 worker ants
  4 gnolls (D:2)
  3 adders
  An ooze (D:2)
  A worm (D:2)
  4 giant geckos
  20 orcs
  2 ball pythons (D:1)
  10 bats
  7 giant cockroaches
  6 goblins
  9 hobgoblins
  10 jackals (D:2)
  A quokka (D:3)
  A giant cockroach zombie (D:5)
  A giant gecko skeleton (D:4)
  6 giant newts
  5 kobolds
  18 rats
126 creatures vanquished.

Notes
Turn   | Place    | Note
--------------------------------------------------------------
     0 | D:1      | JokEr the Gargoyle Berserker began the quest for the Orb.
     0 | D:1      | Reached XP level 1. HP: 14/14 MP: 1/1
     0 | D:1      | Noticed a spriggan skeleton
     0 | D:1      | Noticed a human skeleton
     1 | D:1      | Noticed a human skeleton
     1 | D:1      | Noticed a spriggan skeleton
     3 | D:1      | Noticed a spriggan skeleton
     3 | D:1      | Noticed a troll skeleton
     7 | D:1      | Noticed a merfolk skeleton
     8 | D:1      | Noticed a troll skeleton
     9 | D:1      | Noticed an elf skeleton
    11 | D:1      | Noticed a centaur skeleton
    13 | D:1      | Noticed a troll skeleton
    15 | D:1      | Noticed a human skeleton
    17 | D:1      | Noticed a draconian skeleton
    17 | D:1      | Noticed a draconian skeleton
    22 | D:1      | Noticed a human skeleton
   284 | D:1      | Reached XP level 2. HP: 10/19 MP: 2/2
   709 | D:1      | Reached skill level 4 in Fighting
   819 | D:1      | Reached ** piety under Trog
   819 | D:1      | Reached XP level 3. HP: 19/24 MP: 3/3
  1173 | D:2      | Found a white marble altar of Elyvilon.
  1683 | D:2      | Reached XP level 4. HP: 27/30 MP: 4/4
  1971 | D:2      | Found a basalt altar of Yredelemnul.
  2176 | D:3      | Found a glowing drain.
  2183 | D:3      | Reached *** piety under Trog
  2281 | D:3      | Reached skill level 5 in Fighting
  2310 | D:3      | Found a glowing golden altar of the Shining One.
  2332 | D:3      | Found an iron altar of Okawaru.
  2462 | D:3      | Reached XP level 5. HP: 28/35 MP: 5/5
  2859 | D:4      | Noticed an ogre
  2863 | D:4      | Noticed a phantom
  3116 | D:4      | Killed an ogre
  3116 | D:4      | Reached XP level 6. HP: 17/40 MP: 6/6
  3206 | D:3      | Killed a phantom
  3206 | D:3      | Reached skill level 6 in Fighting
  3206 | D:3      | Reached skill level 5 in Maces & Flails
  3359 | D:3      | Upgraded the game from 0.17.0-57-g0e89251 to 0.17.0-73-gb648821
  3506 | D:4      | Reached **** piety under Trog
  3687 | D:4      | Found a radiant altar of Vehumet.
  3723 | D:4      | Found a staircase to the Ecumenical Temple.
  3782 | D:4      | Found a stormy altar of Qazlal.
  3863 | D:4      | Noticed Duvessa
  3863 | D:4      | Noticed Dowan
  3887 | D:4      | Killed Duvessa
  3887 | D:4      | Reached XP level 7. HP: 10/47 MP: 7/7
  3902 | D:4      | Killed Dowan
  4542 | D:4      | Reached skill level 7 in Fighting
  5358 | D:5      | Entered Level 5 of the Dungeon
  5373 | D:5      | Reached XP level 8. HP: 47/53 MP: 8/8
  5666 | D:5      | Splashed by a jelly's acid

Action                   |  1- 3 |  4- 6 |  7- 9 || total
-------------------------+-------+-------+-------++-------
Melee: Mace              |   149 |   184 |   159 ||   492
       Unarmed           |       |     3 |     3 ||     6
Invok: Berserk           |       |     3 |     1 ||     4
  Use: Scroll            |     5 |     6 |     4 ||    15
       Potion            |       |       |     1 ||     1
  Eat: Bread ration      |     1 |     2 |       ||     3
       Meat ration       |       |       |     1 ||     1
       Beef jerky        |       |       |     1 ||     1
